 Dungeon Crawl Stone Soup version 0.31.0-12-g77e489cdc1 (webtiles) character file.

Game seed: 17289785331412932466

1869 Kallu the Destroyer (level 8, -4/66 HPs)
             Began as a White Draconian Conjurer on Feb 16, 2024.
             Was a Believer of Qazlal.
             Hit by a javelin thrown by a centaur (8 damage)
             ... in a bailey.
             The game lasted 00:11:56 (5689 turns).

Kallu the Destroyer (White Draconian Conjurer)      Turns: 5689, Time: 00:11:57

Health: -4/66      AC:  7    Str:  9    XL:     8   Next: 90%
Magic:  4/17       EV: 12    Int: 27    God:    Qazlal [**....]
Gold:   327        SH:  2    Dex: 11    Spells: 8/19 levels left

rFire   . . .        a - +8 war axe of Impermanence {vamp, Int+5 Dex+2}
rCold   + . .        (no shield)
rNeg    . . .        (body armour unavailable)
rPois   +            (helmet restricted)
rElec   .            (no cloak)
rCorr   .            (no gloves)
SInv    .            E - +0 pair of boots
Will    .....        (no amulet)
Stlth   +            e - ring of poison resistance
HPRegen 0.31/turn    (no ring)
MPRegen 0.15/turn

%: no passive effects
@: no status effects
A: breathe frost, AC +6, unfitting armour, cold resistance 1, cold-blooded
a: Breathe Frost, Renounce Religion, Upheaval


You were in a bailey.
You worshipped Qazlal.
Qazlal was pleased with you.
You visited 1 branch of the dungeon, and saw 7 of its levels.
You also visited: Bailey.

You collected 327 gold pieces.

Inventory:

Hand Weapons
 a - the +8 war axe of Impermanence (weapon) {vamp, Int+5 Dex+2}
   (You took it off an orc on level 6 of the Dungeon)

   Int+5:     It affects your intelligence (+5).
   Dex+2:     It affects your dexterity (+2).
 b - a +0 mace of draining
Missiles
 c - 10 poisoned darts
Armour
 m - a +2 buckler
 E - a +0 pair of boots (worn)
Magical Staves
 q - a staff of air
 A - a staff of alchemy
Jewellery
 e - a ring of poison resistance (left hand)
 B - a ring of positive energy
 D - a ring of protection from cold
Wands
 C - a wand of roots (7)
Scrolls
 d - 2 scrolls of blinking {unknown}
 f - 2 scrolls of vulnerability {unknown}
 g - a scroll of fear {unknown}
 h - 7 scrolls of identify {unknown}
 i - a scroll of noise {unknown}
 n - a scroll of enchant armour {unknown}
 o - a scroll of revelation {unknown}
 s - a scroll of amnesia {unknown}
Potions
 j - 2 potions of heal wounds
 k - a potion of haste {unknown}
 l - a potion of degeneration {unknown}
 p - 2 potions of invisibility {unknown}
 r - a potion of attraction {unknown}
 t - a potion of curing {unknown}
 u - a potion of enlightenment {unknown}
 v - a potion of ambrosia {unknown}
 w - 2 potions of mutation {unknown}
 x - 2 potions of lignification {unknown}
 y - 4 potions of magic
 z - a potion of cancellation {unknown}


   Skills:
 - Level 4.0 Fighting
 + Level 3.6 Axes
 - Level 3.0 Dodging
 - Level 1.7 Stealth
 - Level 6.0 Spellcasting
 - Level 8.0 Conjurations
 - Level 3.0 Alchemy


You had 8 spell levels left.
You knew the following spells:

 Your Spells              Type           Power      Damage    Failure   Level
a - Magic Dart            Conj           100%       1d8       1%          1
b - Searing Ray           Conj           100%       2d8       1%          2
c - Fulminant Prism       Conj/Alch      18%        3d10      7%          4
d - Iskenderun's Mystic   Conj/Tloc      29%        2d7       12%         4

Your spell library contained the following spells:

 Spells                   Type           Power      Damage    Failure   Level
 Summon Small Mammal      Summ           32%        N/A       6%          1
 Call Canine Familiar     Summ           8%         N/A       19%         3
 Summon Blazeheart Golem  Fire/Summ      8%         N/A       54%         4


Dungeon Overview and Level Annotations

Branches:
Dungeon (7/15)             Temple (0/1) D:5          Bailey (1/1)

Altars:
Cheibriados
Gozag
Qazlal
Ru
Uskayaw
Zin
The Shining One

Shops:
D:1 [   D:6 (*


Innate Abilities, Weirdness & Mutations

You can breathe waves of freezing cold which knock back foes.
Your icy white scales are hard. (AC +6)
You cannot fit into any form of body armour.
Your flesh is cold resistant. (rC+)
You are cold-blooded and may be slowed by cold attacks.


Message History

You hear the creaking of a portcullis.
You see here a +1 halberd of freezing.
There is a flagged portal here.
The world spins around you as you enter the gateway.
You enter a bailey!
The orc shouts! x2; You hear a shout! x2
Found two gates leading back out of this place.
There is an empty arch of ancient stone here.
An orc comes into view. It is wielding a +0 halberd.
An orc comes into view. It is wielding a +0 spear.
The orc shouts!
An orc comes into view. It is wielding a +0 halberd.
An orc comes into view. It is wielding a +0 spear.
An orc comes into view. It is wielding a +0 trident.
The orc shouts!
An orc comes into view. It is wielding a +0 trident.
The orc shouts!
There is a gate leading back out of this place here.
You are too injured to fight recklessly!
You are too injured to fight recklessly!
Aiming: Magic Dart (safe; 1% risk of failure)
Press: ? - help, Q - select action, (/) - cycle Shift-Dir - straight line, f - orc
Aim: an orc, wielding a +0 spear and wearing a +0 chain mail (100% to hit)
The magic dart hits the orc.
The orc is heavily wounded.
A centaur comes into view. It is wielding a +0 spear.
Aiming: Magic Dart (safe; 1% risk of failure)
Press: ? - help, Q - select action, (/) - cycle Shift-Dir - straight line, f/p - orc
Aim: an orc, wielding a +0 spear and wearing a +0 chain mail (heavily wounded, 100% to hit)
The magic dart hits the orc but does no damage.
The orc is heavily wounded.
The centaur shouts!
The centaur throws a javelin.
The javelin pierces through you!
* * * LOW HITPOINT WARNING * * *
The centaur throws a javelin.
The javelin pierces through you!
* * * LOW HITPOINT WARNING * * *
There is a gate leading back out of this place here.
Unknown command.
The centaur throws a javelin.
The javelin pierces through you!
You die...

#...o≈≈≈≈≈≈≈≈≈...
.⌠.≈≈≈...o...≈≈..
.c≈≈.o≈≈≈≈≈≈≈....
.≈≈.≈≈≈.....≈≈≈..
.≈.≈≈..≈≈≈≈≈..≈≈.
≈≈o≈.≈≈≈...≈≈≈.≈≈
≈.≈≈o≈..⌠.⌠..≈≈.≈
≈...o≈..@∩∩.....≈
≈.≈≈o≈.☼§.⌠..≈≈.≈
≈≈.≈.≈≈≈...≈≈≈.≈≈
.≈.≈≈..≈≈≈≈≈..≈≈.
.≈≈.≈≈≈.....≈≈≈..
..≈≈.o≈≈≈≈≈≈≈....
.⌠o≈≈≈..o....≈≈..
#...o≈≈≈≈≈≈≈≈≈...


You could see a centaur and 11 orcs.

Vanquished Creatures
  A steam dragon (D:7)
  An ice beast (D:6)
  A sky beast (D:7)
  4 ogres
  A kobold brigand (D:7)
  A bullfrog (D:6)
  2 gnoll sergeants
  3 scorpions
  A bombardier beetle (D:5)
  2 jellies (D:5)
  A gnoll bouda (D:6)
  4 hounds
  2 orc priests
  An iguana (D:6)
  A sleepcap (D:6)
  5 orc wizards
  Robin (D:4)
  8 adders
  9 gnolls
  A shadow imp (D:7)
  A white imp (D:5)
  2 dart slugs (D:1)
  26 orcs
  6 endoplasms
  3 giant cockroaches
  17 goblins
  8 hobgoblins
  2 jackals (D:1)
  12 kobolds
  4 quokkas
  8 ball pythons
  3 bats
  4 frilled lizards
  4 rats
150 creatures vanquished.

Vanquished Creatures (others)
  2 fulminant prisms
2 creatures vanquished.

Grand Total: 152 creatures vanquished

Notes
Turn   | Place    | Note
-------+----------+-------------------------------------------
     0 | D:1      | Kallu the Draconian Conjurer began the quest for the Orb.
     0 | D:1      | Reached XP level 1. HP: 14/14 MP: 3/3
   149 | D:1      | Reached XP level 2. HP: 20/20 MP: 5/5
   240 | D:1      | Found Pufamae's Armour Emporium.
   512 | D:1      | Learned a level 2 spell: Searing Ray
   590 | D:1      | Reached XP level 3. HP: 26/26 MP: 7/7
  1326 | D:2      | Reached XP level 4. HP: 33/33 MP: 5/10
  1516 | D:3      | Found a hide-covered altar of Uskayaw.
  1703 | D:3      | Found a glowing silver altar of Zin.
  2076 | D:4      | Learned a level 4 spell: Fulminant Prism
  2102 | D:4      | Found a snail-covered altar of Cheibriados.
  2206 | D:4      | Reached skill level 1 in Alchemy
  2224 | D:4      | Found a stormy altar of Qazlal.
  2270 | D:4      | Noticed Robin
  2276 | D:4      | Killed Robin
  2384 | D:4      | Became a worshipper of Qazlal Stormbringer
  2424 | D:4      | Reached XP level 5. HP: 38/38 MP: 8/11
  2523 | D:4      | Reached skill level 5 in Conjurations
  2577 | D:4      | Noticed an ogre
  2589 | D:4      | Killed an ogre
  2590 | D:4      | Reached XP level 6. HP: 45/45 MP: 3/12
  2836 | D:4      | Reached skill level 6 in Conjurations
  2905 | D:4      | Found an opulent altar of Gozag.
  2917 | D:4      | Your scales start taking on an icy white colour.
  2917 | D:4      | Reached XP level 7. HP: 50/50 MP: 10/13
  2917 | D:4      | Gained mutation: Your flesh is cold resistant. (rC+) [White
                  | Draconian growth]
  3095 | D:4      | Reached skill level 7 in Conjurations
  3199 | D:5      | Entered Level 5 of the Dungeon
  3199 | D:5      | Found a glowing golden altar of the Shining One.
  3228 | D:5      | Reached skill level 1 in Fighting
  3526 | D:5      | Reached * piety under Qazlal
  3995 | D:5      | Found a staircase to the Ecumenical Temple.
  4280 | D:6      | Reached XP level 8. HP: 66/66 MP: 8/14
  4498 | D:6      | Found Azijuem's Antique Weapon Shoppe.
  4559 | D:6      | Found a sacrificial altar of Ru.
  4740 | D:6      | Identified the +8 war axe of Impermanence {vamp, Int+5
                  | Dex+2}
  4752 | D:6      | Reached skill level 8 in Conjurations
  5281 | D:6      | Found Utrieff's Fire Supplies.
  5295 | D:6      | Learned a level 4 spell: Iskenderun's Mystic Blast
  5424 | D:7      | Reached skill level 5 in Spellcasting
  5566 | D:7      | Identified the +1 robe of the Jackalope {rElec}
  5587 | D:7      | Reached ** piety under Qazlal
  5624 | D:7      | Found a flagged portal.
  5630 | D:7      | Reached skill level 1 in Axes
  5668 | Bailey   | Entered a bailey
  5689 | Bailey   | Hit by a javelin thrown by a centaur

Illustrated notes

Levels and vault maps discovered:
D:1:      tarquinn_simple_flora_water_d, layout_loops_ring, serial_shops,
          shop_statue
D:2:      layout_rooms, minmay_misc_feat_tiny
D:3:      layout_rooms, nicolae_uskayaw_suspiria, zin_statuary,
          nicolae_elevator_lobby_plus
D:4:      layout_rooms, mainiacjoe_overflow_brackets,
          nicolae_gozag_seed_capital, mainiacjoe_overflow_paths, uniq_robin
D:5:      layout_loops_cross, mainiacjoe_overflow_alcove_2,
          minmay_temple_entry_glassed_door, grunt_decor_one_mirror,
          lightli_minifort
D:6:      layout_basic, nicolae_ru_path_of_blood, serial_shops, shop,
          st_stairs_14, hangedman_decor_clover_reticule, dk_vineyard_2,
          minmay_misc_feat_secret_circle, nicolae_shop_fire_sale
          [nicolae_sub_dead_trees], kennysheep_generic_room_11
D:7:      layout_cave_pools, serial_gnoll_camp, gnoll_camp_mini_hut,
          gnoll_camp_mini_hut, gnoll_camp_mini_doghouse, gnoll_camp_mini_basic,
          enter_bailey_2
Bailey:   bailey_polearm_flooded_kennysheep, bailey

Skill      XL: |  1  2  3  4  5  6  7  8 |
---------------+-------------------------+-----
Spellcasting   | 3 4 6 |  6.0
Alchemy        | 2 3 |  3.0
Conjurations   | 5 6 7 8 |  8.0
Fighting       | 4 |  4.0
Dodging        | 3 |  3.0
Axes           | 3 |  3.6
Stealth        | |  1.7

Action                     |  1- 3 |  4- 6 |  7- 9 || total
---------------------------+-------+-------+-------++-------
  Melee: Unarmed           |    21 |       |       ||    21
         Mace              |    45 |    46 |    26 ||   117
         Tailslap          |     3 |     5 |     3 ||    11
         War axe           |       |       |    26 ||    26
         Staff             |       |       |     4 ||     4
         Punch             |       |       |     1 ||     1
   Cast: Magic Dart        |    31 |    48 |    25 ||   104
         Searing Ray       |     1 |    12 |    26 ||    39
         Fulminant Prism   |       |       |     2 ||     2
Ability: Breathe Frost     |       |       |    12 ||    12
    Use: Potion            |       |       |     2 ||     2
   Stab: Sleeping          |     1 |     1 |       ||     2
 Armour: Skin              |    35 |    22 |    92 ||   149
  Dodge: Dodged            |    48 |    46 |    84 ||   178
  Block: Other             |       |       |     7 ||     7
